Get step-by-step instructions on how to execute this build order below. Start the game timer, and the build order will tick by so you can play in parallel with StarCraft on a second screen or mobile device.

Game Time

  0:00

Last Step

  N/A

Next Step

Upcoming Step



Don't want to look back and forth between 2 screens? Try out our Overwolf App, the Spawning Tool Build Advisor to get an in-game overlay with this build!

Complete Build Order

  12  0:00  Probe  
  13  0:12  Probe  
  14  0:17  Pylon  
  14  0:24  Probe (Chrono Boost)  
  16  0:36  Gateway, Probe (Chrono Boost)  
  16  0:42  Probe (Chrono Boost)  
  16  0:45  Assimilator  
  17  0:51  Probe  
  18  1:03  Probe  
  19  1:15  Probe  
  20  1:25  Nexus  
  20  1:30  Cybernetics Core  
  20  1:33  Probe  
  20  1:39  Pylon  
  21  1:45  Probe  
  22  1:47  Assimilator  
  22  1:57  Probe  
  22  2:01  Colossus  
  23  2:06  Sentry (Chrono Boost)  
  25  2:09  Probe  
  25  2:11  Gateway  
  25  2:12  Warp Gate  
  26  2:20  Stalker (Chrono Boost)  
  26  2:22  Probe  
  29  2:33  Shield Battery  
  29  2:34  Probe  
  30  2:37  Probe  
  31  2:46  Stalker (Chrono Boost), Probe  
  31  2:49  Probe  
  35  2:54  Pylon  
  35  2:58  Probe  
  36  3:02  Probe  
  37  3:06  Stalker  
  37  3:10  Probe  
  37  3:12  Stalker  
  42  3:15  Probe  
  43  3:25  Robotics Facility  
  43  3:26  Probe  
  44  3:29  Pylon  
  44  3:32  Probe  
  43  3:38  Probe (Chrono Boost)  
  44  3:44  Probe (Chrono Boost)  
  45  3:50  Probe (Chrono Boost)  
  45  3:51  Twilight Council  
  47  3:55  Probe (Chrono Boost)  
  47  3:56  Assimilator  
  47  3:58  Probe (Chrono Boost), Pylon  
  47  3:59  Assimilator  
  47  4:00  Probe (Chrono Boost)  
  49  4:04  Probe  
  50  4:10  Probe  
  50  4:13  Shield Battery  
  50  4:15  Observer (Chrono Boost)  
  50  4:16  Probe  
  53  4:22  Probe  
  53  4:23  Gateway  
  53  4:24  Gateway  
  54  4:27  Charge (Chrono Boost)  
  54  4:30  Observer, Gateway  
  54  4:34  Probe  
  56  4:39  Gateway  
  56  4:40  Probe  
  57  4:45  Templar Archives  
  57  4:50  Observer  
  57  4:55  Observer  
  57  4:56  Pylon  
  57  4:57  Pylon  
  57  4:59  Zealot x2  
  61  5:12  Psionic Storm  
  61  5:13  Nexus  
  61  5:23  Probe x2  
  61  5:24  Observer  
  63  5:28  High Templar  
  63  5:30  Observer  
  63  5:31  High Templar  
  63  5:33  Zealot x3  
  73  5:37  Zealot  
  73  5:41  Warp Prism (Chrono Boost)  
  73  5:42  Observer  
  76  5:52  Probe x2  
  76  6:02  Blink (Chrono Boost)  
  76  6:04  Probe x2  
  76  6:08  High Templar  
  78  6:14  Pylon  
  78  6:16  Probe  
  78  6:17  Probe  
  80  6:18  Observer  
  80  6:21  Forge  
  80  6:25  Observer (Chrono Boost)  
  81  6:26  Probe  
  81  6:28  Probe  
  81  6:29  Probe  
  84  6:37  High Templar x2, Zealot x3  
  84  6:38  Probe  
  95  6:41  Probe x2  
  95  6:45  Protoss Ground Armor Level 1 (Chrono Boost)  
  96  6:50  Probe  
  96  6:53  Probe  
  98  6:56  Probe  
  98  6:59  Pylon  
  98  7:00  Adept  
  101  7:02  Probe  
  101  7:05  Photon Cannon, Probe  
  101  7:08  Photon Cannon, Probe  
  103  7:10  Photon Cannon  
  103  7:12  Pylon  
  103  7:14  Probe  
  105  7:16  High Templar, Zealot  
  105  7:20  Pylon  
  109  7:26  Pylon  
  109  7:31  Probe x2  
  109  7:34  Stalker x3  
  117  7:37  Nexus  
  113  7:52  Probe  
  113  7:53  Probe  
  113  7:56  High Templar x2, Zealot  
  113  7:57  Zealot x3  
  125  8:02  Probe  
  125  8:04  Probe  
  125  8:06  Pylon  
  125  8:07  Pylon, Assimilator x2, Robotics Bay  
  125  8:13  Robotics Facility  
  125  8:24  Probe x3  
  126  8:36  Probe x3  
  126  8:37  Protoss Ground Weapons Level 1 (Chrono Boost)  
  126  8:39  Forge  
  129  8:46  Stalker x6  
  139  8:49  Shield Battery  
  139  8:52  Colossus (Chrono Boost)  
  139  8:58  Gateway  
  139  9:01  Gateway  
  145  9:05  Extended Thermal Lance  
  144  9:14  Zealot x6  
  156  9:22  Pylon  
  154  9:37  Protoss Ground Armor Level 2 (Chrono Boost)  
  152  9:39  Colossus  
  152  9:40  Zealot x3  
  152  9:42  Photon Cannon  
  152  9:43  Pylon  
  152  9:44  Pylon x2  
  164  9:55  Pylon  
  164  10:00  Colossus  
  164  10:01  Stalker  
  164  10:03  Stalker x2  
  175  10:11  Observer  
  173  10:24  Stalker x2  
  173  10:25  Zealot, Stalker x4  
  187  10:32  Nexus  
  187  10:33  Colossus (Chrono Boost)  
  193  10:42  Gateway  
  193  10:43  Gateway  
  175  10:59  Protoss Ground Weapons Level 2 (Chrono Boost)  
  175  11:02  Immortal (Chrono Boost)  
  155  11:07  High Templar  
  155  11:10  Probe x2  
  155  11:11  Probe x2  
  157  11:12  Pylon  
  157  11:13  Shield Battery  
  157  11:15  High Templar x2, Zealot x3  
  157  11:16  Zealot x2  
  171  11:19  Gateway  
  171  11:21  Gateway  
  171  11:22  Probe  
  171  11:23  Probe x3  
  175  11:28  Pylon  
  175  11:32  Immortal (Chrono Boost)  
  175  11:36  Robotics Facility  
  183  11:42  Immortal (Chrono Boost)  
  181  11:48  Protoss Shields Level 1 (Chrono Boost)  
  178  11:57  Zealot x10  
  198  12:07  Observer  
  162  12:11  Immortal (Chrono Boost)  
  170  12:18  Immortal (Chrono Boost)  
  170  12:19  High Templar x2, Zealot x8  
  194  12:32  Immortal (Chrono Boost)  
  192  12:47  Zealot x4  
  198  13:02  Immortal (Chrono Boost)  
  198  13:03  Immortal (Chrono Boost)  
  198  13:04  Probe  
  197  13:07  Probe x3  
  197  13:08  Assimilator  
  197  13:11  Observer (Chrono Boost)  
  181  13:19  Nexus  
  179  13:24  High Templar, Zealot x9  
  199  13:27  Photon Cannon  
  199  13:28  Photon Cannon, Protoss Ground Armor Level 3 (Chrono Boost)  
  199  13:29  Photon Cannon  
  199  13:35  Gravitic Drive  
  199  13:43  Protoss Ground Weapons Level 3 (Chrono Boost)  
  199  13:44  Pylon  
  199  13:50  Observer  
  195  14:06  Warp Prism  
  193  14:18  High Templar  
  193  14:19  High Templar x2  
  193  14:24  Observer  
  199  14:29  Observer  
  195  14:33  Gravitic Boosters  
  195  14:42  High Templar x2  
  195  14:45  Photon Cannon x2  
  195  14:49  Pylon  
  192  14:57  Nexus, Observer (Chrono Boost)  
  194  15:03  Observer (Chrono Boost)  
  194  15:06  Stalker x4  
  192  15:16  Archon  
  192  15:19  Stalker x8  
  172  15:22  Colossus x2 (Chrono Boost)  
  176  15:32  Colossus (Chrono Boost)  
  176  15:34  Photon Cannon  
  174  15:38  High Templar, Assimilator  
  174  15:39  High Templar, Zealot x2  
  174  15:40  Shield Battery  
  174  15:42  Observer  
  180  15:43  Gateway, Zealot x3  
  180  15:44  Zealot x5  
  180  15:45  Gateway  
  196  15:51  Gateway  
  196  15:55  Gateway  
  196  15:57  Pylon  
  196  15:58  Nexus  
  196  16:01  Pylon  
  196  16:07  Observer  
  196  16:11  Observer, Zealot x2  
  198  16:19  Zealot  
  198  16:24  Zealot  
  193  16:38  Zealot x11  
  193  16:40  Colossus x2  
  193  16:44  Colossus  
  181  16:54  High Templar x2, Photon Cannon  
  181  16:55  Shield Battery x2  
  181  16:56  High Templar, Zealot x2, Shield Battery  
  181  16:58  Zealot x2  
  181  16:59  Zealot x2  
  181  17:00  Pylon  
  199  17:05  Pylon  
  199  17:07  Assimilator  
  199  17:10  Observer, Pylon  
  199  17:13  Protoss Shields Level 2  
  199  17:19  Stalker  
  199  17:23  Assimilator, Shield Battery  
  199  17:25  Assimilator, Shield Battery  
  199  17:28  Shield Battery  
  199  17:34  Pylon  
  197  17:43  Stalker x5  
  197  17:44  Stalker  
  199  17:48  Zealot x9  
  199  17:49  Zealot  
  189  18:04  Observer  
  181  18:15  Zealot x11  
  181  18:18  Colossus  
  199  18:45  Pylon  
  197  18:49  Pylon  
  197  18:50  Assimilator  
  197  18:53  Assimilator  
  197  18:54  Stargate  
  197  19:02  Protoss Air Weapons Level 1 (Chrono Boost)  
  183  19:03  Stalker x5  
  183  19:04  Stalker x5  
  183  19:11  Stalker x6  
  177  19:28  High Templar x2, Zealot x8  
  177  19:29  Photon Cannon  
  197  19:32  Shield Battery  
  195  19:44  Shield Battery  
  195  19:45  Zealot x2  
  199  19:47  Shield Battery  
  199  19:50  Shield Battery  
  193  19:53  Pylon  
  193  19:58  High Templar  
  193  19:59  High Templar  
  183  20:02  Fleet Beacon  
  183  20:04  Stargate  
  183  20:06  Stargate  
  183  20:07  Zealot x3  
  183  20:08  Zealot x5  
  183  20:12  Photon Cannon  
  183  20:13  Photon Cannon  
  179  20:15  Photon Cannon x2  
  179  20:17  Photon Cannon  
  179  20:23  Zealot x6  
  175  20:37  Stalker x8  
  175  20:38  Stalker x2  
  187  20:45  Immortal  
  187  20:46  Immortal x2  
  193  20:55  Zealot  
  193  20:56  Zealot x5  
  183  21:09  Stalker x5  
  183  21:10  Stalker x3  
  169  21:20  Stalker x5  
  169  21:21  Stalker x3  
  169  21:22  Probe x3  
  156  21:35  Stalker x3  
  156  21:36  Probe x2, Stalker x4  
  142  21:55  Observer  
  142  21:56  Observer, High Templar x4  
  142  21:57  High Templar  
  142  21:58  High Templar, Zealot x3  
  160  22:07  Observer  
  160  22:12  Assimilator  
  160  22:14  Zealot x7  
  173  22:23  Archon  
  173  22:37  Colossus x3  
  167  22:41  High Templar x2  
  184  23:01  Protoss Air Weapons Level 2 (Chrono Boost)  
  184  23:04  Zealot x13  
  200  23:13  Nexus  
  200  23:18  Archon  
  170  23:30  Assimilator  
  168  23:35  Tempest (Chrono Boost)  
  183  23:45  Tempest x2 (Chrono Boost), High Templar  
  185  23:48  Zealot  
  185  23:49  Observer  
  185  23:54  Zealot x6  
  193  24:14  Tempest (Chrono Boost)  
  196  24:24  Observer  
  197  24:40  Tempest (Chrono Boost)  
  197  24:42  Tempest (Chrono Boost)  
  192  24:48  Tempest  
  187  24:58  Zealot x6  
  187  24:59  Zealot x10  
  166  25:10  Immortal x3  
  172  25:15  Observer  
  172  25:16  Tempest  
  169  25:31  High Templar x2, Zealot x8  
  169  25:32  Zealot x4  
  191  25:43  Assimilator  
  191  26:02  Archon  
  185  26:11  Observer  
  178  26:13  Zealot x12  
  174  26:33  Immortal x3  
  186  26:45  High Templar x2  
  186  26:46  Stalker x5  
  198  27:21  Stalker x9  
  169  27:30  Archon  
  169  27:33  Zealot x3  
  141  27:42  Observer  
  132  27:47  High Templar x2  
  136  28:01  Warp Prism  
  138  28:10  Colossus  
  138  28:34  High Templar x2  
  138  28:35  Zealot x4  
  138  28:37  Pylon  
  138  28:39  Nexus  
  146  29:04  Forge  
  146  29:05  Oracle (Chrono Boost), Shield Battery  
  146  29:06  Shield Battery  
  146  29:08  Shield Battery  
  146  29:09  Tempest (Chrono Boost)  
  146  29:10  Photon Cannon  
  146  29:11  Photon Cannon  
  144  29:32  Observer  
  145  29:45  Tempest x2, Pylon  
  155  29:55  Observer  
  155  30:08  Assimilator  
  155  30:10  Assimilator  
  155  30:14  Tempest  
  164  30:51  Zealot  
  164  30:52  Zealot x4  
  172  31:07  Zealot  
  172  31:08  Zealot x4